Cogmind - Beta 17 @@@ ROGUE MODE // 2026.08.14 @ 20:08:28 Player: Alicianrone Result: Destroyed by G-50 Soldier with Heavy Laser Performance ------------- Evolutions (4) 2000 Regions Visited (9) 1800 Robots Destroyed (148) 740 Value Destroyed (4986) 4986 Prototype IDs (28) 560 Alien Tech Used (0) 0 Bonus (21673) 21673 TOTAL SCORE: 31759 Bonus ------- High Alert Combat Kills 177 Follower Combat Kills 1099 Prayed to X0-1V1 5000 Major X0-1V1 Interference 12450 Entered Garrisons 200 Used RIF Installer 500 Delivered SUBCON Basin 2000 Registered with UFD 300 Friendly Fire -53 Cogmind --------- Core Integrity 0/920 Matter 84/150 Energy 220/220 System Corruption 21% Temperature Cool (9) Movement Hovering (52) Location -6/Factory Parts ------- > --- POWER (2) -------- Light Fission Core Light Fission Core > --- PROPULSION (6) --- Gravmag Array Gravmag Array Gravmag Array > --- UTILITY (6) ------ Large Storage Unit Experimental Sensor Array Advanced Signal Interpreter Advanced Melee Analysis Suite Microactuators Layered Medium Armor Plating > --- WEAPON (1) ------- Companion Sword (fused) > --- INVENTORY (15) --- Improved Gravmag System Deep Structural Scanner Microactuators Advanced ECM Suite Relay Coupler [NC] (26) Relay Coupler [NC] (25) Advanced Trap Extractor (0/8) Long-range Missile Launcher CPS Tube (2) CPS Tube (2) IN-MT5's Pitchfork "Insurrection" (18) DRS Beacon (Ready) Peak State ------------ > --- POWER ------------ Backup Power III F-cell Engine > --- PROPULSION ------- Backup Propulsion III Backup Propulsion III Improved Gravmag System Cooled Aerolev Unit Combat Airjet Combat Antigrav System > --- UTILITY ---------- Large Storage Unit Experimental Sensor Array Improved Signal Interpreter Advanced Powered Armor Tech Extrapolator X0-1V1's Piety Tracker > --- WEAPON ----------- Companion Sword > --- INVENTORY -------- Antimatter Reactor Biometal Leg Cooled VTOL Module Cooled VTOL Module Structural Scanner Advanced Reaction Control System Improved Medium Armor Plating Improved Heavy Armor Plating Authchip [Weapon] Trap Extractor Advanced Trap Extractor CPS Tube CPS Tube DRS Beacon [Rating: 92] Favorites ----------- Power Subdweller Power Source Engine Subdweller Power Source Power Core Light Nuclear Core Reactor Cold Fusion Reactor Propulsion Light Treads Treads Light Treads Leg Carbon-fiber Leg Wheel Compact Wheel Hover Unit Gravmag Array Flight Unit VTOL Module Utility X0-1V1's Piety Tracker Device X0-1V1's Piety Tracker Storage Large Storage Unit Processor Advanced Signal Interpreter Hackware Improved Hacking Suite Protection Scrap Shield Weapon Companion Sword Energy Gun Subdweller Laser Energy Cannon Heavy Particle Cannon Ballistic Gun Light Assault Rifle Ballistic Cannon Battle Cannon Launcher Grenade Launcher Impact Weapon Flail Slashing Weapon Companion Sword Piercing Weapon Heavy Pick Build | -11 -10 -10 -9 -9 -6 -6 -6 -6 -6 ------- Run | Yrd Mat Sub Rec Scr Fac Was Fac Gar Fac Slots Evolved 8 | . . . . . 8 . . . . Power . | . . . . . . . . . . Propulsion 5 | . . . . . 5 . . . . Utility 3 | . . . . . 3 . . . . Weapon . | . . . . . . . . . . Parts Attached 190 | 7 10 23 7 11 52 9 16 36 19 Power 23 | 1 3 3 1 1 6 . 1 5 2 Engine 10 | 1 3 3 1 . 1 . 1 . . Core 10 | . . . . 1 2 . . 5 2 Reactor 3 | . . . . . 3 . . . . Propulsion 77 | 2 3 4 2 2 29 2 4 24 5 Treads 11 | . 3 1 . . 7 . . . . Leg 11 | . . . . . 8 1 . 2 . Wheel 17 | 2 . 3 2 2 6 . 2 . . Hover 12 | . . . . . 4 1 2 . 5 Flight 26 | . . . . . 4 . . 22 . Utility 65 | 2 1 5 2 6 15 6 10 6 12 Device 32 | 1 . 1 2 3 7 3 2 5 8 Storage 6 | 1 1 1 . 1 1 . 1 . . Processor 6 | . . . . . 2 1 2 . 1 Hackware 6 | . . . . . 2 . 2 . 2 Protection 15 | . . 3 . 2 3 2 3 1 1 Artifact . | . . . . . . . . . . Weapon 25 | 2 3 11 2 2 2 1 1 1 . Energy Gun 9 | . 1 6 . 1 . 1 . . . Energy Cannon 3 | . . 1 1 . . . 1 . . Ballistic Gun 5 | 2 . 3 . . . . . . . Ballistic Cannon 2 | . 1 1 . . . . . . . Launcher 3 | . 1 . . . 2 . . . . Special Weapon . | . . . . . . . . . . Impact Weapon 1 | . . . 1 . . . . . . Slashing Weapon 2 | . . . . 1 . . . 1 . Piercing Weapon . | . . . . . . . . . . Special Melee Weapon . | . . . . . . . . . . Unidentified Prototypes 8 | . . 1 . 1 3 1 1 . 1 Parts Lost 90 | . 5 5 4 2 39 1 11 21 2 Power 16 | . 4 . 1 . 5 . 2 3 1 Propulsion 46 | . . 3 1 1 22 . 7 12 . Utility 24 | . . 1 1 1 11 1 2 6 1 Weapon 4 | . 1 1 1 . 1 . . . . Highest Loss Streak 15 | . 1 2 2 2 15 1 8 11 1 To Critical Strikes 1 | . . . . . 1 . . . . Average Backups 8 | 1 9 5 3 6 10 10 12 11 12 Power . | . . . . . . . . . . Propulsion 2 | 1 5 1 . . 2 2 2 1 2 Utility 3 | . 1 2 1 2 4 4 7 6 6 Weapon 1 | . 2 2 1 . 1 . . . 1 Tool/Special . | . . . . . . . . . . Unused Backups 54 | . . 24 . 10 3 1 2 4 10 Power 3 | . . . . 1 . 1 1 . . Propulsion 12 | . . 8 . 2 . . . . 2 Utility 12 | . . 4 . . 1 . 1 3 3 Weapon 24 | . . 12 . 7 1 . . 1 3 Tool/Special 3 | . . . . . 1 . . . 2 Average Slot Usage (%) 78 | . 89 80 62 73 61 71 88 80 79 Engine 7 | . 8 14 13 9 . 9 9 . . Core 2 | . . . . 4 2 . . 5 10 Treads 6 | . 17 16 . . 4 . . . . Wheel 6 | . 10 5 12 14 5 . . . . Hover 4 | . . . . . . 25 35 . 15 Flight 7 | . . . . . 1 . . 39 10 Device 11 | . 10 3 7 24 8 6 11 8 18 Storage 6 | . 14 2 14 8 5 6 5 5 6 Processor 4 | . . . . . 2 11 13 11 6 Protection 4 | . . 11 . . 5 4 2 1 2 Energy Gun 2 | . 6 8 . . . 1 . . . Energy Cannon 1 | . . 4 1 . . . . . . Ballistic Gun 1 | . 13 . . . . . . . . Ballistic Cannon 2 | . 1 9 . . . . . . . Slashing Weapon 4 | . . . . 11 5 3 5 5 6 Peak Build Rating 92 | 7 8 34 38 36 67 81 92 69 87 Average Rating 37 | 4 7 16 28 26 45 60 82 57 77 On Entrance 29 | . 7 8 34 21 35 24 74 41 54 Avg Prop Armor Cover (%) 8 | . . . . . 8 9 8 9 . Naked Turns . | . . . . . . . . . . Heaviest Build 77 | 11 31 77 74 54 67 47 57 48 50 Greatest Support 88 | 32 40 40 20 18 88 53 64 37 60 Greatest Overweight (x) 14 | . . 7 14 4 5 . 3 8 1 Average Overweight (x) . | . . 1 2 1 1 . . . . Largest Inventory Capacity 20 | 8 15 20 20 20 15 15 15 15 15 Average Capacity 12 | 6 13 7 20 13 14 15 15 14 15 Most Carried 20 | 3 15 20 20 15 15 13 15 15 15 Average Carried 10 | 1 9 6 19 6 11 11 14 12 13 Final Capacity 20 | 8 15 20 20 15 15 15 15 15 15 Final Carried 20 | 3 13 20 6 13 10 13 12 15 12 Class Distribution -------------------- 59% | Mutant 13% | Subdweller-Mutant 11% | Scavenger-Mutant 9% | Scavenger-Sprinter 3% | Scout Dominant Class ---------------- Mutant | -10/Materials Subdweller-Mutant | -10/Subcaves Mutant | -9/Recycling Mutant | -9/Scraptown Scavenger-Mutant | -6/Factory Mutant | -6/Waste Mutant | -6/Factory Scavenger-Sprinter | -6/Garrison Scout | -6/Factory Resources | -11 -10 -10 -9 -9 -6 -6 -6 -6 -6 ----------- Run | Yrd Mat Sub Rec Scr Fac Was Fac Gar Fac Matter Collected 6672 | 226 513 1626 598 459 890 697 535 757 371 Remotely . | . . . . . . . . . . Salvage Created 5743 | 19 954 594 887 . 1738 . 553 535 463 Parts 311 | 4 57 34 23 . 95 . 23 41 34 Haulers Intercepted 7 | . 2 . . . 3 . . . 2 Recyclers Shooed 4 | . 2 . 1 . 1 . . . . Parts Field Recycled . | . . . . . . . . . . Retrieved Matter . | . . . . . . . . . . Parts Self-Destructed 10 | . . 10 . . . . . . . Prevented . | . . . . . . . . . . Parts Restored . | . . . . . . . . . . Kills | -11 -10 -10 -9 -9 -6 -6 -6 -6 -6 ------- Run | Yrd Mat Sub Rec Scr Fac Was Fac Gar Fac Combat Hostiles Destroyed 110 | . 16 24 7 . 28 . 10 18 7 Melee 53 | . . . 1 . 19 . 10 16 7 Guns 13 | . 8 5 . . . . . . . Cannons 14 | . 1 9 2 . . . . 2 . AOE 25 | . 6 10 . . 9 . . . . Classes Destroyed 21 | 1 7 2 2 . 7 . 2 . . Worker 6 | . 1 . . . 5 . . . . Builder 5 | . . . . . 5 . . . . Tunneler 3 | 1 1 . . . . . 1 . . Hauler 7 | . 2 . . . 3 . . . 2 Recycler 10 | . 3 . 6 . 1 . . . . Mechanic 1 | . . . . . 1 . . . . Operator 3 | . 1 . . . 1 . . . 1 Drone 2 | . . . . . . . 1 1 . Turret 2 | . . 2 . . . . . . . Watcher 3 | . 3 . . . . . . . . Swarmer 38 | . 3 10 . . 6 . 1 14 4 Saboteur 1 | . . . . . 1 . . . . Grunt 29 | . 13 2 . . 9 . 3 2 . Brawler 1 | . . . . . 1 . . . . Duelist 3 | . . . 3 . . . . . . Sentry 9 | . . . 4 . 2 . 3 . . Specialist 1 | . . . . . 1 . . . . Hunter 3 | . . . . . 3 . . . . Programmer 6 | . . . . . 2 . 1 1 2 Behemoth 2 | . . . . . . . 1 . 1 Subdweller 12 | . . 12 . . . . . . . Thug 3 | . . . . . 3 . . . . Best Kill Streak 9 | 1 5 7 5 . 9 . 2 6 2 Combat Bots Only 7 | . 3 7 3 . 4 . 2 6 2 Max Kills in Single Turn 5 | 1 3 4 1 . 5 . 1 1 1 Gunslinging . | . . . . . . . . . . Exploded 4 | . 2 4 . . 2 . . . . Melee 1 | . . . 1 . 1 . 1 1 1 Uniques/NPCs Destroyed . | . . . . . . . . . . Combat | -11 -10 -10 -9 -9 -6 -6 -6 -6 -6 -------- Run | Yrd Mat Sub Rec Scr Fac Was Fac Gar Fac Hostile Shots Fired 1341 | . 73 127 49 33 519 . 272 142 126 Missed 407 | . 20 44 11 10 137 . 94 35 56 Hits 934 | . 53 83 38 23 382 . 178 107 70 Melee 24 | . . . 19 . 2 . . 3 . Projectile 910 | . 53 83 19 23 380 . 178 104 70 Critical Strikes 32 | . . 1 9 2 12 . 3 2 3 Actively Blocked 2 | . . . . . 2 . . . . Part Disruptions 2 | . . . . . . . 1 . 1 Damage Taken 13461 | . 727 1292 899 380 5133 63 2592 1569 806 Core 2950 | . 151 195 241 58 1036 53 520 544 152 Absorbed by Shields 4 | . . . 4 . . . . . . Redirected to Shielding 287 | . . . . . 154 . 38 95 . Ignored by Resistances 565 | . . . . 14 366 . 118 21 46 Regen/Repaired (Parts) 466 | . . . . 182 . 234 50 . . Core Remaining (%) 62 | 100 . . . 25 . . . . . Volleys Fired 289 | 1 105 130 21 . 13 . 14 5 . Largest 3 | 2 2 3 1 . 1 . 1 1 . Hottest 116 | 40 70 116 80 . 43 . 85 85 . Shots Fired 439 | 2 195 192 20 . 13 . 12 5 . Gun 285 | 2 179 104 . . . . . . . Cannon 128 | . 11 80 20 . . . 12 5 . Launcher 26 | . 5 8 . . 13 . . . . Special . | . . . . . . . . . . Kinetic 258 | 2 179 77 . . . . . . . Thermal 123 | . . 86 20 . . . 12 5 . Explosive 26 | . 5 8 . . 13 . . . . Electromagnetic 32 | . 11 21 . . . . . . . Robot Hit Streak 25 | 1 15 25 3 . 3 . 4 5 . Robot Miss Streak 4 | . 3 4 3 . 1 . 2 . . Penetration Max . | . . . . . . . . . . Secondary Targets . | . . . . . . . . . . Shots Hit Robots 455 | 1 135 96 28 . 99 . 34 37 25 Core Hits 216 | 1 54 44 9 . 64 . 15 17 12 Critical Kills 1 | . . . 1 . . . . . . Critical Parts Destroyed 10 | . 3 . 7 . . . . . . Critical Strikes 18 | . 3 3 8 . 2 . . 2 . Meltdown 1 | . . . 1 . . . . . . Destroy 4 | . 3 1 . . . . . . . Blast 2 | . . 2 . . . . . . . Smash 7 | . . . 7 . . . . . . Melee Attacks 330 | . . . 25 7 134 . 56 59 49 Impact 25 | . . . 25 . . . . . . Slashing 305 | . . . . 7 134 . 56 59 49 Piercing . | . . . . . . . . . . Sneak Attacks 24 | . . . 4 . 9 . 2 5 4 Combat Hostiles 5 | . . . . . . . 1 4 . Follow-up Attacks 3 | . . . . . 2 . . . 1 Damage Inflicted 15368 | 16 1635 2250 1096 . 6115 . 1421 1624 1211 Guns 2035 | 16 1086 933 . . . . . . . Cannons 1538 | . 156 801 342 . . . 91 148 . Explosions 2843 | . 393 516 . . 1934 . . . . Melee 8951 | . . . 754 . 4180 . 1330 1476 1211 Ramming 1 | . . . . . 1 . . . . Kinetic 2093 | 16 1102 975 . . . . . . . Thermal 1146 | . 20 545 342 . . . 91 148 . Explosive 2823 | . 373 516 . . 1934 . . . . Electromagnetic 354 | . 140 214 . . . . . . . Impact 754 | . . . 754 . . . . . . Slashing 8197 | . . . . . 4180 . 1330 1476 1211 Piercing . | . . . . . . . . . . Highest Corruption 31 | . . 26 15 . 7 7 19 31 21 Average Corruption 13 | . . 14 15 . 4 7 18 19 4 Corruption Purged 4 | . . . . . . . . . 4 Corruption Blocked . | . . . . . . . . . . Effects 216 | . . 31 29 . 29 7 37 68 15 Message Errors 58 | . . 9 4 . 9 2 12 19 3 Matter Fused 61 | . . 10 9 . 6 1 9 23 3 Heat Flow Errors 24 | . . 1 3 . 4 1 2 11 2 Energy Discharges 21 | . . 5 7 . 1 . 4 3 1 Parts Rejected 3 | . . . 1 . . . . . 2 Parts Fused 2 | . . . . . . . . 2 . Data Loss (minor) 30 | . . 4 2 . 7 1 6 7 3 Data Loss (major) 8 | . . 1 . . 2 1 1 2 1 Misfires 1 | . . 1 . . . . . . . Alerts 2 | . . . . . . 1 . 1 . Misdirections 3 | . . . 2 . . . 1 . . Weapon Failures 3 | . . . 1 . . . 2 . . Overload Shots . | . . . . . . . . . . Overflow Damage 1036 | . 24 16 310 . 448 . 94 96 48 Projectiles . | . . . . . . . . . . Explosions 132 | . 24 16 . . 92 . . . . Melee 904 | . . . 310 . 356 . 94 96 48 Knockbacks 13 | . 3 9 1 . . . . . . Impact 1 | . . . 1 . . . . . . Kinetic 12 | . 3 9 . . . . . . . Secondary . | . . . . . . . . . . Self-Inflicted Damage 343 | . 30 52 . . 261 . . . . Shots 8 | . 1 2 . . 5 . . . . Rammed . | . . . . . . . . . . Targets Rammed 1 | . . . . . 1 . . . . Kicked . | . . . . . . . . . . Crushed 1 | . . . . . 1 . . . . Highest Temperature 325 | . 38 200 214 20 209 76 262 325 315 Average Temperature 73 | . 14 84 69 11 55 43 77 94 93 Received Heat Transfer 2841 | . 387 225 119 133 1539 . 273 42 123 Effects 2 | . . . . . . . . 1 1 Shutdowns 1 | . . . . . . . . . 1 Energy Bleed 1 | . . . . . . . . 1 . Siege Activations . | . . . . . . . . . . Martial Activations . | . . . . . . . . . . Shielding Activations . | . . . . . . . . . . Robots Disrupted 2 | . . . . . 1 . . 1 . Combat Hostiles 2 | . . . . . 1 . . 1 . Robots Corrupted 5 | . 1 . 4 . . . . . . Combat Hostiles 4 | . 1 . 3 . . . . . . Parts Fried 4 | . . . 4 . . . . . . Impact Corruptions 11 | . . . 11 . . . . . . Robots Melted 1 | . . . 1 . . . . . . Combat Hostiles 1 | . . . 1 . . . . . . Parts Melted 2 | . . 1 . . . . . . 1 Heat Transferred 1477 | . 50 650 481 . . . 111 185 . Parts Sabotaged 11 | . . . . . 2 . . 9 . Parts Stolen . | . . . . . . . . . . Parts Stripped . | . . . . . . . . . . Power Chain Reactions 1 | . 1 . . . . . . . . Alert | -11 -10 -10 -9 -9 -6 -6 -6 -6 -6 ------- Run | Yrd Mat Sub Rec Scr Fac Was Fac Gar Fac Maximum Alert Level 4 | . . . . . 1 . 1 4 2 Low Security (%) 48 | 100 100 . 100 . 76 100 31 1 . Level 1 24 | . . . . . 23 . 68 13 65 Level 2 16 | . . . . . . . . 48 34 Level 3 9 | . . . . . . . . 33 . Level 4 . | . . . . . . . . 3 . Level 5 . | . . . . . . . . . . High Security . | . . . . . . . . . . Max Security . | . . . . . . . . . . Peak Influence 1311 | 5 136 . 137 . 392 114 384 1311 692 Initial 688 | . . . 85 . . 114 . 163 688 Average 277 | . 57 . 84 . 125 27 232 585 415 Influence Increases 5348 | 5 517 446 288 . 1207 24 1104 1398 359 Destroy 0b10 Robot/C 2560 | . 320 280 140 . 660 . 440 540 180 Destroy 0b10 Robot/NC 220 | 5 55 . 35 . 80 . 20 . 25 Destroy Leader 398 | . 90 10 . . 116 . 114 20 48 Allied During Kill 244 | . . 6 . . 49 . 152 34 3 Trap Triggered on 0b10 50 | . . . . . . . . 50 . Successful Hack 103 | . 7 . . . 22 . 38 . 36 Select Force Hacks 90 | . . . 90 . . . . . . Disable Machine 105 | . . . . . 60 . 30 . 15 Anti-Garrison Action 500 | . . . . . . . . 500 . Destroy Structure 152 | . 30 . 8 . 55 24 14 14 7 Partial Spotted 75 | . . . . . 30 . 15 30 . Lose Combat Pursuer 705 | . 15 150 15 . 135 . 135 210 45 Miscellaneous 146 | . . . . . . . 146 . . Influence Decreases 5055 | 5 517 268 419 47 879 352 871 320 1377 Entered New Map 1047 | . . . 93 47 . 214 . 70 623 Time Decay 2295 | 5 467 218 286 . 429 50 466 . 374 Search Patrol Dispatched 100 | . . . . . . . 100 . . Lost Part 860 | . 50 50 40 . 370 10 110 210 20 Lost Ally 453 | . . . . . 80 78 195 40 60 Purge Threat 300 | . . . . . . . . . 300 Squads Dispatched 34 | . 4 . 1 . 8 . 15 . 6 Investigation 9 | . 2 . . . . . 4 . 3 Extermination 7 | . . . . . 3 . 3 . 1 Reinforcement 9 | . 2 . . . 3 . 2 . 2 Assault 1 | . . . 1 . . . . . . Garrison 8 | . . . . . 2 . 6 . . Intercept . | . . . . . . . . . . Searches Triggered 1 | . . . . . . . 1 . . Construction Impeded 2 | . . . . . 2 . . . . Haulers Reinforced . | . . . . . . . . . . Active Scanning Responses . | . . . . . . . . . . Cargo Convoy Interrupts 2 | . . . . . 1 . 1 . . Stealth | -11 -10 -10 -9 -9 -6 -6 -6 -6 -6 --------- Run | Yrd Mat Sub Rec Scr Fac Was Fac Gar Fac Distress Signals 8 | . 1 . . . 1 . 4 . 2 Communications Jammed . | . . . . . . . . . . Distress Signals . | . . . . . . . . . . Times Spotted 231 | . 25 38 8 6 50 5 37 31 31 Peak Tracking Total 12 | . 5 6 3 12 11 5 7 7 6 Tactical Retreats 24 | . 1 4 1 . 4 1 4 7 2 Traps | -11 -10 -10 -9 -9 -6 -6 -6 -6 -6 ------- Run | Yrd Mat Sub Rec Scr Fac Was Fac Gar Fac Traps Triggered 13 | . 1 2 . . 1 . 2 3 4 Indirectly . | . . . . . . . . . . Trap Hack Attempts . | . . . . . . . . . . Triggered . | . . . . . . . . . . Disarmed . | . . . . . . . . . . Reprogrammed . | . . . . . . . . . . Reused 5 | . . . . . . . . 5 . Traps Extracted . | . . . . . . . . . . Installed 8 | . . . . . . . . 8 . Triggered 5 | . . . . . . . . 5 . Most Traps Carried 8 | . . 1 . 3 3 3 8 8 . Machines | -11 -10 -10 -9 -9 -6 -6 -6 -6 -6 ---------- Run | Yrd Mat Sub Rec Scr Fac Was Fac Gar Fac Machines Disabled 15 | . . 4 . 2 4 . 2 2 1 Max in Single Turn 1 | . . 1 . 1 1 . 1 1 1 Garrison Access 5 | . . . . . 2 . 1 . 2 Garrison Relay 2 | . . . . . . . . 2 . Phase Generator 1 | . . . . . . . . 1 . Machines Repaired . | . . . . . . . . . . Machines Dismantled . | . . . . . . . . . . Machines Sabotaged . | . . . . . . . . . . Overloaded Fab Kills . | . . . . . . . . . . Hacking | -11 -10 -10 -9 -9 -6 -6 -6 -6 -6 --------- Run | Yrd Mat Sub Rec Scr Fac Was Fac Gar Fac Machines Accessed 41 | . 5 3 4 2 4 . 13 1 9 Terminals 17 | . 3 . 1 . 2 . 6 1 4 Fabricators 4 | . . . . . . . 2 . 2 Repair Stations 2 | . 1 . . . . . 1 . . Recycling Units 6 | . 1 . 3 . . . 1 . 1 Scanalyzers 1 | . . . . . . . 1 . . Garrison Access 6 | . . . . . 2 . 2 . 2 Total Hacks 97 | . 10 6 10 3 12 . 33 2 21 Successful 53 | . 2 6 6 3 8 . 16 . 12 Failed 44 | . 8 . 4 . 4 . 17 2 9 Catastrophic 11 | . 1 . 1 . . . 3 1 5 Database Lockouts . | . . . . . . . . . . Manual 37 | . 7 . 5 . 6 . 11 . 8 Terminals 45 | . 6 . 2 . 9 . 17 2 9 Fabricators 12 | . . . . . . . 5 . 7 Repair Stations 4 | . 2 . . . . . 2 . . Recycling Units 14 | . 2 . 8 . . . 3 . 1 Scanalyzers 4 | . . . . . . . 4 . . Garrison Access 9 | . . . . . 3 . 2 . 4 Terminal Hacks 22 | . 1 6 . 3 5 . 5 . 2 Record 5 | . . 4 . 1 . . . . . Part Schematic 1 | . . . . . 1 . . . . Open Door 2 | . . 1 . 1 . . . . . Branch Access Points 1 | . . . . . 1 . . . . Terminal Index 2 | . . . . . 1 . 1 . . Recycling Unit Index 2 | . 1 . . . . . 1 . . Scanalyzer Index 1 | . . . . . . . 1 . . Unreport Threat 2 | . . . . . . . . . 2 Locate Traps 2 | . . . . . 1 . 1 . . Hauler Manifests 1 | . . . . . . . 1 . . Registered Components 1 | . . . . . 1 . . . . Proto ID Catalog 1 | . . . . 1 . . . . . Release Object 1 | . . 1 . . . . . . . Fabricator Hacks 7 | . . . . . . . 3 . 4 Network Status 1 | . . . . . . . . . 1 Load Schematic 3 | . . . . . . . 2 . 1 Build 3 | . . . . . . . 1 . 2 Repair Station Hacks . | . . . . . . . . . . Recycling Unit Hacks 4 | . 1 . 3 . . . . . . Retrieve Components 4 | . 1 . 3 . . . . . . Scanalyzer 2 | . . . . . . . 2 . . Insert Component 1 | . . . . . . . 1 . . Retrieve Study 1 | . . . . . . . 1 . . Garrison Access Hacks 8 | . . . . . 2 . 2 . 4 Unlock Access 1 | . . . . . . . 1 . . Seal Access 5 | . . . . . 2 . 1 . 2 Coupler Status 2 | . . . . . . . . . 2 Unauthorized Hacks 10 | . . . 3 . 1 . 4 . 2 Terminals 3 | . . . . . 1 . 1 . 1 Assimilate 1 | . . . . . . . . . 1 Botnet 2 | . . . . . 1 . 1 . . Fabricators 3 | . . . . . . . 2 . 1 Prioritize 1 | . . . . . . . 1 . . Haulers 1 | . . . . . . . . . 1 Recompile 1 | . . . . . . . 1 . . Repair Stations . | . . . . . . . . . . Recycling Units 4 | . . . 3 . . . 1 . . Recyclers 1 | . . . . . . . 1 . . Tunnel 3 | . . . 3 . . . . . . Scanalyzers . | . . . . . . . . . . Garrison Access . | . . . . . . . . . . Data Cores Recovered . | . . . . . . . . . . Used . | . . . . . . . . . . Hacking Detections 26 | . 5 . 1 . 2 . 10 1 7 Full Trace Events 5 | . 1 . . . . . 3 . 1 Feedback Events . | . . . . . . . . . . Feedback Blocked . | . . . . . . . . . . Robot Schematics Acquired . | . . . . . . . . . . Robots Built . | . . . . . . . . . . Authchips . | . . . . . . . . . . Time . | . . . . . . . . . . Total Robot Build Rating . | . . . . . . . . . . Part Schematics Acquired 15 | . . . . 1 1 . 13 . . Parts Built 3 | . . . . . . . 1 . 2 Authchips 1 | . . . . . . . . . 1 Time 202 | . . . . . . . 42 . 160 Total Part Build Rating 15 | . . . . . . . 4 . 11 Part Studies Acquired 1 | . . . . . . . 1 . . Parts Repaired . | . . . . . . . . . . Time . | . . . . . . . . . . Parts Recycled . | . . . . . . . . . . Recycled Matter . | . . . . . . . . . . Retrieved Matter . | . . . . . . . . . . Retrieved Components 17 | . 10 . 7 . . . . . . Parts Scanalyzed 1 | . . . . . . . 1 . . Part Schematics Acquired . | . . . . . . . . . . Parts Damaged . | . . . . . . . . . . Bothacking | -11 -10 -10 -9 -9 -6 -6 -6 -6 -6 ------------ Run | Yrd Mat Sub Rec Scr Fac Was Fac Gar Fac Used RIF Installer 1 | . . . . . . . . 1 . Robots Hacked . | . . . . . . . . . . Non-combat . | . . . . . . . . . . Combat . | . . . . . . . . . . Robot Hacks Applied . | . . . . . . . . . . Relay Couplers Released 8 | . . . . . 1 . . 7 . Machine Destruction 8 | . . . . . 1 . . 7 . Fabnet Peak Effective % . | . . . . . . . . . . Robots Rewired 2 | . . . . . 1 . . 1 . Allies Hacked 1 | . . . . . . . 1 . . Hacks Repelled . | . . . . . . . . . . Allies | -11 -10 -10 -9 -9 -6 -6 -6 -6 -6 -------- Run | Yrd Mat Sub Rec Scr Fac Was Fac Gar Fac Total Allies 33 | . . 1 . . 5 19 3 3 2 Largest Group 19 | . . 1 . . 4 19 9 2 1 Highest-Rated Group 702 | . . 90 . . 164 702 367 207 107 Highest-Rated Ally 107 | . . 90 . . 41 50 46 107 107 Total Orders . | . . . . . . . . . . Ally Attacks 239 | . . 3 . . 27 86 82 22 19 Total Damage 7637 | . . 64 . . 894 4094 1683 609 293 Kills 46 | . . . . . 6 12 15 9 4 Allies Corrupted 1 | . . . . . . . 1 . . Allies Melted . | . . . . . . . . . . X0-1V1 Amusement Gains 156 | . 20 10 20 79 27 . . . . Good Acts 105 | . 2 45 3 1 2 10 14 26 2 Bad Acts 130 | . . 69 10 1 8 . 15 15 12 Intel | -11 -10 -10 -9 -9 -6 -6 -6 -6 -6 ------- Run | Yrd Mat Sub Rec Scr Fac Was Fac Gar Fac Active Infowar (turns) 3230 | 5 1250 324 . . 302 1 794 . 554 Sensors 1559 | . . . . . 213 1 794 . 551 Structural 725 | . . . . . 185 . . . 540 Seismic 1356 | 5 1250 101 . . . . . . . Machine Analysis 223 | . . 223 . . . . . . . ECM 2 | . . . . . . . . . 2 Robot Analysis Total . | . . . . . . . . . . Derelict Logs Recovered 4 | . . 1 . 3 . . . . . Drone Launches . | . . . . . . . . . . Drone Recoveries . | . . . . . . . . . . Exploration | -11 -10 -10 -9 -9 -6 -6 -6 -6 -6 ------------- Run | Yrd Mat Sub Rec Scr Fac Was Fac Gar Fac Turns Passed 14309 | 63 1683 3472 627 2503 1231 297 1277 2285 871 Spaces Moved 9705 | 46 879 2005 290 1927 540 317 1528 1076 1097 Core 63 | 3 . 50 2 . 5 . . 3 . Treads 1438 | . 417 980 . . 41 . . . . Legs 194 | . . . . . 177 . . 17 . Wheels 3996 | 43 462 975 288 1927 289 . 6 6 . Hover 2772 | . . . . . 14 317 1522 . 919 Flight 1242 | . . . . . 14 . . 1050 178 Fastest Speed 7 | 50 100 95 120 90 48 52 44 11 7 Average Speed 98 | 96 128 142 136 115 123 58 53 55 54 Slowest Speed 750 | 100 160 250 750 150 260 61 181 450 110 Overloaded Moves 287 | . . . . . 5 50 25 166 41 Propulsion Burnouts . | . . . . . . . . . . Robots Hopped 1 | . . . . . . . . . 1 Potential Cave-ins . | . . . . . . . . . . Cave-ins Triggered . | . . . . . . . . . . Exploration Rate (%) 54 | 4 96 78 47 89 10 90 41 62 27 Regions Visited 9 Branch Regions 3 Pre-discovered Areas 6 | . . 2 3 1 . . . . . Known Exits Taken 1 | . . . . . . . 1 . . Unknown Exits Taken 5 | 1 1 1 1 1 . . . . . Scrap Searched 20 | . . 12 . 8 . . . . . Spaces Dug 23 | . . . 1 2 1 . 9 2 8 Terrain Destroyed 184 | . 25 49 8 2 75 . 15 2 8 Melee 20 | . . . 1 2 1 . 6 2 8 Projectile 17 | . . 1 7 . . . 9 . . AOE 147 | . 25 48 . . 74 . . . . Terrain Rammed . | . . . . . . . . . . Walls Destroyed . | . . . . . . . . . . Machines Disabled . | . . . . . . . . . . Actions | -11 -10 -10 -9 -9 -6 -6 -6 -6 -6 --------- Run | Yrd Mat Sub Rec Scr Fac Was Fac Gar Fac Total 13612 | 59 1264 2458 461 2198 889 430 1878 2660 1315 Wait 2549 | 3 240 195 108 205 79 80 186 1364 89 Move 9696 | 45 878 2004 289 1926 540 316 1528 1075 1095 Hop 1 | . . . . . . . . . 1 Pick Up 135 | 3 12 31 5 21 20 8 12 12 11 Fast Attach 151 | 7 4 15 6 5 41 3 14 41 15 Attach 75 | . 3 7 4 3 22 8 7 11 10 Detach 38 | . 2 1 . . 11 6 3 11 4 Swap 100 | . 17 13 1 6 7 4 25 7 20 Drop 161 | . 3 53 1 25 14 5 19 19 22 Fire 289 | 1 105 130 21 . 13 . 14 5 . Melee 327 | . . . 25 7 132 . 56 59 48 Ram . | . . . . . . . . . . Kick . | . . . . . . . . . . Crush 1 | . . . . . 1 . . . . Escape Stasis 49 | . . . . . 8 . 11 30 . Rewire 6 | . . . 1 . 1 . 3 1 . Trap 8 | . . . . . . . . 8 . Miscellaneous 26 | . . 9 . . . . . 17 . Route ------- -11/Scrapyard -10/Materials (discovered 5 exits: [*Mat x3] / [*Min] / *Sub) -10/Subcaves (discovered 2 exits: *Mat / *Rec) -9/Recycling -9/Scraptown (discovered 2 exits: *Fac x2) -6/Factory (discovered 3 exits: *Fac / Low x2) -6/Waste -6/Factory (discovered 4 exits: *Fac x2 / Low / Gar) -6/Garrison (discovered 3 exits: *Fac x3) -6/Factory History --------- Turn | Location | Event 2 | -11/Scrapyard | Met Revision 17 4 | -11/Scrapyard | Discovered new exit (range 16) 64 | -11/Scrapyard | Entered Materials 309 | -10/Materials | Build established: Mutant 435 | -10/Materials | Discovered new exit (range 16) 623 | -10/Materials | Discovered new exit (range 6) 886 | -10/Materials | Discovered new exit (range 16) 994 | -10/Materials | Discovered new exit (range 6) 1104 | -10/Materials | Core integrity fell below 50% 1361 | -10/Materials | Discovered new exit (range 4) 1520 | -10/Materials | Prayed at D.C.S.S. Altar Unit 1556 | -10/Materials | Core integrity restored by X0-1V1 (+37) 1606 | -10/Materials | Melee accuracy permanently improved by X0-1V1 (+8%; -80 max core) 1747 | -10/Materials | Entered Subcaves 1748 | -10/Subcaves | Approached by a straggling Scientist 1937 | -10/Subcaves | Discovered new exit (range 10) 1966 | -10/Subcaves | Disturbed a concealed Subdweller 2307 | -10/Subcaves | Build established: Subdweller-Mutant 2553 | -10/Subcaves | Core integrity permanently improved by X0-1V1 (+350) 2795 | -10/Subcaves | A swath of the cavern ceiling suddenly collapsed 3143 | -10/Subcaves | Visited Clippyterm 3147 | -10/Subcaves | Learned Factory trap positions 3147 | -10/Subcaves | Learned location of Section 7 (-2) 3382 | -10/Subcaves | Discovered new exit (range 16) 3405 | -10/Subcaves | Ambushed by Subdweller buried in earth 3582 | -10/Subcaves | Shifting Twisted Machinery released Shrapnel Trap 3591 | -10/Subcaves | Shifting Twisted Machinery released Hvy. Riot Gun 3648 | -10/Subcaves | X0-1V1 activates XOMVISION 3654 | -10/Subcaves | Identified exit to Materials 3654 | -10/Subcaves | X0-1V1 revealed exit location to -8/Materials 3656 | -10/Subcaves | System corruption reached 10% 3727 | -10/Subcaves | X0-1V1 sent hostile S-10 Pest (x6) 3729 | -10/Subcaves | X0-1V1 sent allied H-61 Shepherd (x1) 3743 | -10/Subcaves | Core integrity restored by X0-1V1 (+140) 3754 | -10/Subcaves | Destroyed 7 combat bots 3812 | -10/Subcaves | X0-1V1 rewrote H-61 Shepherd IFF filter 3822 | -10/Subcaves | X0-1V1 tapped a No Entrance sign 3826 | -10/Subcaves | X0-1V1 mutated your Propulsion slot to Power slot 3923 | -10/Subcaves | X0-1V1 mutated your Utility slot to Weapon slot 3943 | -10/Subcaves | X0-1V1 activates XOMVISION 3974 | -10/Subcaves | X0-1V1 sent you into danger 3993 | -10/Subcaves | X0-1V1 whisked you away to safety 4007 | -10/Subcaves | X0-1V1 mutated your Weapon slot to Utility slot 4090 | -10/Subcaves | X0-1V1 mutated your Weapon slot to Utility slot 4096 | -10/Subcaves | X0-1V1 sent you into danger 4282 | -10/Subcaves | Build established: Mutant 4304 | -10/Subcaves | A swath of the cavern ceiling suddenly collapsed 4364 | -10/Subcaves | Learned location of Zion (-7) 4364 | -10/Subcaves | Met a Zionite searching for "candidates" 4490 | -10/Subcaves | X0-1V1 mutated your Utility slot to Propulsion slot 4527 | -10/Subcaves | X0-1V1 activates XOMVISION 4540 | -10/Subcaves | Shifting Twisted Machinery released Shrapnel Trap 4551 | -10/Subcaves | Shifting Twisted Machinery released Sub. Machine Gun 4591 | -10/Subcaves | X0-1V1 mutated your Propulsion slot to Utility slot 4768 | -10/Subcaves | X0-1V1 mutated your Utility slot to Propulsion slot 4812 | -10/Subcaves | X0-1V1 activates XOMVISION 4921 | -10/Subcaves | X0-1V1 mutated your Propulsion slot to Utility slot 4980 | -10/Subcaves | Found SUBCON Basin 5219 | -10/Subcaves | Entered Recycling 5223 | -9/Recycling | X0-1V1 sent you into danger 5227 | -9/Recycling | X0-1V1 sent hostile L-31 Rogue (x3) 5604 | -9/Recycling | X0-1V1 sent you into danger 5808 | -9/Recycling | Scanned before Scraplab entrance 5826 | -9/Recycling | Entered Scraplab 5845 | -9/Recycling | Discovered new exit (range 2) 5846 | -9/Recycling | Entered Scraptown 5846 | -9/Scraptown | System corruption cleaned by C-Scrubber 6117 | -9/Scraptown | Visited UFD Registry 6117 | -9/Scraptown | Registered with UFD as "Wirespawn" 6151 | -9/Scraptown | Visited Curators Association 6187 | -9/Scraptown | Visited Observation Area 6206 | -9/Scraptown | Visited Science Guys 6250 | -9/Scraptown | Visited Chapter 10 6272 | -9/Scraptown | Visited DA-N13 Charitable Foundation 6277 | -9/Scraptown | Found DCF Scrap (29 items) 6306 | -9/Scraptown | Visited Infowarlord's Domain 6312 | -9/Scraptown | Found Exp. Sensor Array 6329 | -9/Scraptown | Visited Sword Containment 6342 | -9/Scraptown | Found Prototype Slashing Weapon 6342 | -9/Scraptown | Identified Companion Sword 6388 | -9/Scraptown | Discovered new exit (range 5) 6685 | -9/Scraptown | Visited LU-1G1's Boring Crew 6703 | -9/Scraptown | Visited Junk Repository 6783 | -9/Scraptown | Received an X-ray algorithm 6795 | -9/Scraptown | Visited Comm Corps 6812 | -9/Scraptown | Visited Cyclists 6820 | -9/Scraptown | Entered Cyclist Reading Room 6851 | -9/Scraptown | Visited Red Mages 6858 | -9/Scraptown | Visited Assassins FH 6874 | -9/Scraptown | Visited SPCMW 6906 | -9/Scraptown | Visited IN-MT5's Study 6920 | -9/Scraptown | Visited CR-KLE's Repair Center 7004 | -9/Scraptown | Discovered new exit (range 13) 7218 | -9/Scraptown | Scanned Subdweller tech in exchange for log data 7222 | -9/Scraptown | Learned location of Armory (-3) 7593 | -9/Scraptown | Visited Derelict Rescue Squad 7600 | -9/Scraptown | Found DRS Beacon 8275 | -9/Scraptown | CR-KLE repaired 3 parts 8304 | -9/Scraptown | Attacked by Scraptown defenders 8308 | -9/Scraptown | Stole IN-MT5's Pitchfork schematic 8349 | -9/Scraptown | Entered Factory 8349 | -6/Factory | Evolved 8 slots: Propulsion x5, Utility x3 8350 | -6/Factory | Loaded intel: 105 trap records 8505 | -6/Factory | Lost 3 parts (1p2u) 8591 | -6/Factory | Lost 6 parts (2n4u) 8728 | -6/Factory | Discovered new exit (range 15) 8951 | -6/Factory | Core integrity fell below 50% 9016 | -6/Factory | Lost 7 parts (6n1u) 9131 | -6/Factory | TH resistance permanently improved by X0-1V1 (+20%; -200 max core) 9202 | -6/Factory | Identified exit to Lower Caves 9307 | -6/Factory | X0-1V1 sent hostile Thug (x4) 9380 | -6/Factory | Garrison activated, responded to threat 9413 | -6/Factory | X0-1V1 sent allied H-66 Slayer (x4) 9423 | -6/Factory | Lost 4 parts (1p3n) 9530 | -6/Factory | Cargo convoy interrupted 9566 | -6/Factory | Core integrity fell below 20% 9576 | -6/Factory | Lost 3 allies 9580 | -6/Factory | Manually triggered Chute Trap 9580 | -6/Factory | Sucked down chute 9580 | -6/Factory | Entered Waste 9585 | -6/Waste | Spotted C-40 Crusher 9602 | -6/Waste | Spotted C-40 Crusher 9609 | -6/Waste | Spotted C-40 Crusher 9611 | -6/Waste | Lost 15 parts (2p9n3u1w) 9616 | -6/Waste | Spotted C-40 Crusher 9617 | -6/Waste | Spotted C-40 Crusher 9618 | -6/Waste | Identified exit to Factory 9618 | -6/Waste | X0-1V1 revealed exit location to -6/Factory 9640 | -6/Waste | Warlord forces began an assault 9691 | -6/Waste | Spotted C-40 Crusher 9691 | -6/Waste | Allies destroyed C-40 Crusher 9711 | -6/Waste | Found Adv. Powered Armor 9712 | -6/Waste | Core integrity restored by X0-1V1 (+220) 9717 | -6/Waste | Lost 9 allies 9802 | -6/Waste | X0-1V1 activates XOMVISION 9877 | -6/Waste | Entered Factory 9877 | -6/Factory | Accompanied by 9 allies 9898 | -6/Factory | Core integrity restored by X0-1V1 (+220) 9915 | -6/Factory | Tech Extrapolator generated special schematic: Deep Structural Scanner 9973 | -6/Factory | X0-1V1 revealed exit location to -6/Lower Caves 9982 | -6/Factory | Spotted B-75 Beast 9991 | -6/Factory | Destroyed B-75 Beast 10019 | -6/Factory | Lost 3 allies 10057 | -6/Factory | Identified exit to Factory 10057 | -6/Factory | X0-1V1 revealed exit location to -5/Factory 10075 | -6/Factory | Core integrity restored by X0-1V1 (+138) 10190 | -6/Factory | Fabricated Deep Structural Scanner (x1) 10218 | -6/Factory | X0-1V1 added 0b10 threat records associated with you (minor) 10227 | -6/Factory | Search patrols dispatched 10228 | -6/Factory | X0-1V1 foreshadows a heat wave 10313 | -6/Factory | X0-1V1 sent you to a vault 10315 | -6/Factory | Ambient heat levels rising (+10) 10315 | -6/Factory | X0-1V1 mutated your Utility slot to Propulsion slot 10322 | -6/Factory | Discovered exit to Factory (range 12) 10325 | -6/Factory | Garrison activated, responded to threat 10356 | -6/Factory | System corruption reached 10% 10372 | -6/Factory | X0-1V1 tapped a No Entrance sign 10379 | -6/Factory | Cargo convoy interrupted 10427 | -6/Factory | Ambient heat levels rising (+10) 10434 | -6/Factory | Tech Extrapolator generated special schematic: Energy Deflector 10512 | -6/Factory | Ambient heat levels falling (-10) 10532 | -6/Factory | X0-1V1 mutated your Propulsion slot to Weapon slot 10556 | -6/Factory | Garrison activated, responded to threat 10618 | -6/Factory | X0-1V1 sent hostile H-66 Slayer (x3) 10644 | -6/Factory | Ambient heat levels falling (-10) 10765 | -6/Factory | Core integrity restored by X0-1V1 (+202) 10828 | -6/Factory | Discovered exit to Factory (range 5) 11038 | -6/Factory | X0-1V1 mutated your Weapon slot to Utility slot 11141 | -6/Factory | Weapon slot count temporarily expanded by X0-1V1 (+3) 11154 | -6/Factory | Identified exit to Garrison 11154 | -6/Factory | Entered Garrison 11160 | -6/Garrison | X0-1V1 sent hostile S-27 Virus (x4) 11191 | -6/Garrison | Lost 9 parts (1p7n1u) 11239 | -6/Garrison | Spotted B-75 Beast 11268 | -6/Garrison | Triggered checkpoint 11339 | -6/Garrison | Garrison Relay disabled 11366 | -6/Garrison | Triggered checkpoint 11448 | -6/Garrison | Triggered checkpoint 11562 | -6/Garrison | Identified exit to Factory 11562 | -6/Garrison | X0-1V1 revealed exit location to -6/Factory 11588 | -6/Garrison | Spotted B-86 Titan 11588 | -6/Garrison | X0-1V1 sent you into danger 11933 | -6/Garrison | X0-1V1 activates XOMVISION 11982 | -6/Garrison | System corruption reached 30% 12005 | -6/Garrison | X0-1V1 mutated your Utility slot to Propulsion slot 12275 | -6/Garrison | X0-1V1 revealed exit location to -6/Factory 12307 | -6/Garrison | Build established: Scavenger-Sprinter 12431 | -6/Garrison | X0-1V1 activates XOMVISION 12582 | -6/Garrison | X0-1V1 activates XOMVISION 12791 | -6/Garrison | X0-1V1 destroyed Phase Generator 12791 | -6/Garrison | Phase Generator disabled 12835 | -6/Garrison | X0-1V1 revealed exit location to -6/Factory 13022 | -6/Garrison | Triggered checkpoint 13049 | -6/Garrison | Lost 11 parts (2p7n2u) 13102 | -6/Garrison | Installed Relay Interface Framework 13159 | -6/Garrison | Lost 4 parts (2n2u) 13231 | -6/Garrison | X0-1V1 activates XOMVISION 13253 | -6/Garrison | Lost 4 parts (1p2n1u) 13290 | -6/Garrison | Found embedded Infiltrators 13306 | -6/Garrison | Cld. VTOL Module reconfigured into Item Mimic 13338 | -6/Garrison | Garrison Relay disabled 13361 | -6/Garrison | X0-1V1 sent hostile Thug (x4) 13439 | -6/Garrison | Entered Factory 13439 | -6/Factory | Accompanied by 1 ally 13552 | -6/Factory | Fabricated IN-MT5's Pitchfork "Insurrection"? 13565 | -6/Factory | Spotted B-75 Beast 13566 | -6/Factory | Reprogrammed and armed K-01 Serf 13592 | -6/Factory | Destroyed B-75 Beast 13616 | -6/Factory | X0-1V1 mutated your Propulsion slot to Utility slot 13920 | -6/Factory | X0-1V1 redirected Transport squads to designated parking area 14059 | -6/Factory | Build established: Scout 14142 | -6/Factory | X0-1V1 sent you into danger 14219 | -6/Factory | Reprogrammed and armed K-01 Serf 14275 | -6/Factory | Fabricated Cld. Gravmag System? 14310 | -6/Factory | Destroyed by G-50 Soldier with Heavy Laser Last Messages --------------- 14292_ Field strength at 79. 14293_ Field strength at 52. 14293_ Field strength at 68. 14294_ Field strength at 36. 14294_ Field strength at 52. 14295_ Field strength at 20. 14295_ Field strength at 36. 14296_ Field strength at 20. 14297_ Field strength at 4. 14298_ Stasis field depleted. 14300_ Penetrated by Slug. 14300_ Terminal disabled. 14304_ Triggered Alarm Trap. 14304_ An alarm sounds. 14304_ ALERT: Alarm triggered, dispatching investigation squad. 14305_ System corrupted: Matter fused (-6). 14308_ X0-1V1 brushes you with a corrupting influence (+14 system corruption). 14310_ X0-1V1 howls with laughter! Map ----- +----------------------------------------------------+ | ????????????????#################?????###+#####??? | | ????????????????#################?????# ???? | | ????????????????#### ^ ####?????# #????? | | ????????????????#### "" ""^ ####?????# #????? | | ????????????????#### "" "" ^##########! #????? | | ????????????????#### """ """ / # ???? | | ????????????????#### """ """Y########## # ??? | | ????????????????#### """ """Y#????????# # ??? | | ????????????????#### h #????????# # ?? | | ????????????????#### u #????????# # ?? | | ????????????????#########"####????????# # | | ????????????????######### #???????????# # ? | | ????????#################g############# # | | ????????##################g""""""""""## # | | ????????###############?## """"T"""" ## # | | ????????###############?# !# | | ???#### ####?# %# | | ???#### """ """ ####?# !!! " + | | ???#### """ """ ###### !!! """ "G" m# | | ???#### """ """ ### "" !!! """ " " # | | ??? # ###""" ! """ k # | | ?? # """ """ ###"R k ###### | | ?? # """ """ ###""" """ """ ==! | | ?? # """ """ ###""" """ """ =!! | | ??? # ###### """ """ =!! | | " """ # =! ######@ | | " """ # =! != ###### | | " """ # = %=! ###### ###########+######## | | #####+#######+########### ###### ## | | =%! ###### ## | | ###### """" ## | | = ###### """" ## | | % % ###### """"u +% | | * ###### """" ## | | " ##########+####### ######## """## | | "" "" ### k # ######## ]!! """## | | """ """ ### ="""""" # ## + ]! ""## | | """ """ ##### """""" # ## ##### !! !F""## | | """ """ + """""" # ##?#### =%"""## | | ##### """""" # ##?##### = + | | ##### # ##?################+## | | ##### """""" # ##?##### ##### ## | | ##### """?????????##### " " ##### ## | | "" ]] ##### ""???????????#### " " + | | "" ]] ##### """"?????????????????????????? | | "" ##### ??????????????????????????? | | ##### ??????????????????????????? | | ###########+##??????????????????????????? | | #### ####### ??????????????????????????? | | ???# ####### ??????????????????????????? | +----------------------------------------------------+ Best States ------------- Heat Dissipation 125 Energy Generation 37 Energy Capacity 1700 Matter Stores 1000 Matter Capacity 1000 Sight Range 22 Robot Scan Range 20 Terrain Scan Density 10 Additional Mass Support 6 Armor Coverage 825 Resistance: KI 31 Resistance: TH 20 Core Shielding 30 Propulsion Shielding 66 Weapon Shielding 66 Melee Speed Boost 40 Evasion (%) 67 Melee Accuracy 8 Core Analysis 6 Recoil Reduction 4 Force Boost 20 Salvage Targeting 4 Offensive Hacking 12 Defensive Hacking 10 Authchip Count 1 Trap Extractor Capacity 8 Item Schematics ----------------- IN-MT5's Pitchfork "Insurrection" | -9/Scraptown | Archive Microactuators | -6/Factory | Hacked Deep Structural Scanner | -6/Factory | Extrapolated Mak. Hover Unit | -6/Factory | Extrapolated Mak. Medium Armor Plating | -6/Factory | Extrapolated Mak. Coolant Network | -6/Factory | Extrapolated Mak. Weapon Shielding | -6/Factory | Extrapolated Mak. Terrain Scanner | -6/Factory | Extrapolated Mak. Ablative Armor | -6/Factory | Extrapolated Energy Deflector | -6/Factory | Extrapolated Mak. Laser | -6/Factory | Extrapolated Mak. Sensor Array | -6/Factory | Extrapolated Mak. Heavy Armor Plating | -6/Factory | Extrapolated Beamcaster | -6/Factory | Extrapolated Hvy. Beamcaster | -6/Factory | Extrapolated Robot Schematics ------------------ None Fabricated ------------ Deep Structural Scanner | x1 | -6/Factory IN-MT5's Pitchfork "Insurrection" | x1 | -6/Factory | Authchip Cld. Gravmag System | x1 | -6/Factory | Preloaded Repaired ---------- Nothing Studied --------- Imp. Gravmag System | -6/Factory | Hacked Alien Tech Used ----------------- None Achievements -------------- None Challenges ------------ None Game ------ Seed GreatGodDriver Manual? 0 Play Time 02:01:21 Cumulative 1013.2 hours Start 2026.08.14 @ 18:06:54 End 2026.08.14 @ 20:08:28 Sessions 1 Manual Loads 0 Difficulty Rogue Special Mode None Game No. 281 Rogue 281 Adventurer 0 Explorer 0 Win Type - Total 44 Types 13/9/10/2/2/0/4/1/1/2 Lore% 97 Gallery% 91 Achievement% 87 Wizard Run 0 Options --------- Layout 1 ASCII 0 Keyboard 0 Movement Mouse Keybinds 0 Fullscreen 2 Font 32/SmallcapsGlow Map View 50x35 Zoom Use 0% Tactical HUD 1 Map Filters NONE Filters NONE Steam 1 RUN: 3e8e46ba-0a51-4bc9-9dc5-e829a285f8b6